Cogmind - Beta 14 @@@ ROGUE MODE // 2024.11.24 @ 14:29:50 Player: akira Result: Self-destructed Performance ------------- Evolutions (1) 500 Regions Visited (3) 600 Robots Destroyed (37) 185 Value Destroyed (1088) 1088 Prototype IDs (6) 120 Alien Tech Used (0) 0 Bonus (0) 0 TOTAL SCORE: 2493 Bonus ------- None Cogmind --------- Core Integrity 84/400 Matter 255/300 Energy 280/280 System Corruption 4% Temperature Cool (6) Movement Walking (190) Ox1 Location -9/Materials Parts ------- > --- POWER (1) -------- Heavy Ion Engine > --- PROPULSION (2) --- Aluminum Leg Improved Aluminum Leg > --- UTILITY (4) ------ Medium Storage Unit Transport Network Coupler Core Shielding Hacking Suite > --- WEAPON (2) ------- (None) > --- INVENTORY (10) --- Ion Engine Heat Sink Structural Scanner Improved Targeting Computer Rocket Launcher Peak State ------------ > --- POWER ------------ Heavy Ion Engine > --- PROPULSION ------- Light Treads Improved Treads > --- UTILITY ---------- Medium Storage Unit Transport Network Coupler Hardened Light Armor Plating Hacking Suite > --- WEAPON ----------- Improved EM Shotgun Heavy Assault Rifle > --- INVENTORY -------- Ion Engine Light Treads Light Treads Aluminum Leg Improved Aluminum Leg Heat Sink Structural Scanner Improved Targeting Computer Core Shielding Rocket Launcher [Rating: 19] Favorites ----------- Power Ion Engine Engine Ion Engine Propulsion Aluminum Leg Treads Light Treads Leg Aluminum Leg Flight Unit Improved Flight Unit Utility Medium Storage Unit Device Structural Scanner Storage Medium Storage Unit Processor Transport Network Coupler Hackware Hacking Suite Protection Light Armor Plating Weapon Light Assault Rifle Energy Gun Improved EM Shotgun Ballistic Gun Light Assault Rifle Launcher Grenade Launcher Build | -11 -10 -10 -9 ------- Run | Yrd Mat Min Mat Slots Evolved 2 | . . . 2 Power . | . . . . Propulsion . | . . . . Utility 2 | . . . 2 Weapon . | . . . . Parts Attached 55 | 6 12 4 33 Power 6 | 1 2 1 2 Engine 6 | 1 2 1 2 Core . | . . . . Reactor . | . . . . Propulsion 25 | 2 5 2 16 Treads 8 | 2 . . 6 Leg 16 | . 5 2 9 Wheel . | . . . . Hover . | . . . . Flight 1 | . . . 1 Utility 11 | 1 2 . 8 Device 2 | . 1 . 1 Storage 2 | 1 1 . . Processor 1 | . . . 1 Hackware 1 | . . . 1 Protection 5 | . . . 5 Artifact . | . . . . Weapon 13 | 2 3 1 7 Energy Gun 5 | . . . 5 Energy Cannon . | . . . . Ballistic Gun 7 | 2 3 1 1 Ballistic Cannon . | . . . . Launcher 1 | . . . 1 Special Weapon . | . . . . Impact Weapon . | . . . . Slashing Weapon . | . . . . Piercing Weapon . | . . . . Special Melee Weapon . | . . . . Unidentified Prototypes 4 | . . . 4 Parts Lost 12 | . 5 1 6 Power 3 | . 2 . 1 Propulsion 3 | . 1 . 2 Utility . | . . . . Weapon 6 | . 2 1 3 Highest Loss Streak 2 | . 2 1 2 To Critical Strikes 1 | . . . 1 Average Slot Usage (%) 94 | . 97 99 92 Engine 12 | . 13 14 10 Treads 10 | . 8 . 14 Leg 13 | . 19 28 7 Device 9 | . 12 14 7 Storage 12 | . 14 14 11 Processor 2 | . . . 3 Hackware 5 | . . . 11 Protection 5 | . . . 10 Energy Gun 3 | . . . 7 Ballistic Gun 17 | . 27 27 7 Peak Build Rating 19 | 6 8 8 19 Average Rating 11 | 4 7 7 14 On Entrance 5 | . 6 8 8 Naked Turns . | . . . . Heaviest Build 29 | 12 18 19 29 Greatest Support 43 | 40 40 20 43 Greatest Overweight (x) 3 | 3 1 . 1 Average Overweight (x) . | 1 . . . Largest Inventory Capacity 10 | 8 10 10 10 Average Capacity 9 | 7 9 10 10 Most Carried 10 | 6 10 10 10 Average Carried 8 | 3 8 9 9 Final Capacity 10 | 8 10 10 10 Final Carried 10 | 4 10 10 5 Class Distribution -------------------- 62% | Scavenger-Mutant 37% | Mutant Dominant Class ---------------- Mutant | -10/Materials Scavenger-Mutant | -10/Mines Scavenger-Mutant | -9/Materials Resources | -11 -10 -10 -9 ----------- Run | Yrd Mat Min Mat Matter Collected 990 | 242 256 78 414 Remotely . | . . . . Salvage Created 1382 | . 501 112 769 Parts 89 | . 36 4 49 Haulers Intercepted 1 | . . . 1 Recyclers Shooed . | . . . . Parts Field Recycled . | . . . . Retrieved Matter . | . . . . Parts Self-Destructed . | . . . . Prevented . | . . . . Kills | -11 -10 -10 -9 ------- Run | Yrd Mat Min Mat Combat Hostiles Destroyed 32 | . 16 2 14 Guns 32 | . 16 2 14 Classes Destroyed 7 | . 3 1 3 Hauler 1 | . . . 1 Operator 2 | . 1 . 1 Watcher 2 | . . . 2 Swarmer 7 | . 7 . . Grunt 17 | . 9 . 8 Brawler 1 | . . . 1 Sentry 7 | . . 2 5 Best Kill Streak 3 | . 3 2 2 Combat Bots Only 3 | . 3 2 2 Max Kills in Single Turn 1 | . 1 1 1 Gunslinging . | . . . . Exploded . | . . . . Melee . | . . . . Uniques/NPCs Destroyed . | . . . . Combat | -11 -10 -10 -9 -------- Run | Yrd Mat Min Mat Hostile Shots Fired 240 | . 103 34 103 Missed 57 | . 28 7 22 Damage Taken 2620 | . 835 402 1383 Core 517 | . 140 61 316 Absorbed by Shields . | . . . . Redirected to Shielding 2 | . . . 2 Core Remaining (%) 59 | 100 . 19 . Volleys Fired 144 | . 62 13 69 Largest 2 | . 2 2 2 Hottest 96 | . 40 40 96 Shots Fired 233 | . 120 24 89 Gun 233 | . 120 24 89 Cannon . | . . . . Launcher . | . . . . Special . | . . . . Kinetic 187 | . 120 24 43 Thermal 22 | . . . 22 Explosive . | . . . . Electromagnetic 24 | . . . 24 Robot Hit Streak 20 | . 20 20 17 Robot Miss Streak 6 | . 3 2 6 Penetration Max . | . . . . Secondary Targets 1 | . . 1 . Max Gunslinging Chain 1 | . . 1 . Shots Hit Robots 164 | . 84 21 59 Core Hits 76 | . 38 5 33 Critical Kills . | . . . . Critical Parts Destroyed 1 | . 1 . . Critical Strikes 3 | . 1 . 2 Burn 2 | . . . 2 Destroy 1 | . 1 . . Melee Attacks . | . . . . Impact . | . . . . Slashing . | . . . . Piercing . | . . . . Sneak Attacks . | . . . . Combat Hostiles . | . . . . Follow-up Attacks . | . . . . Damage Inflicted 1859 | . 671 205 983 Guns 1773 | . 671 205 897 Cannons . | . . . . Explosions 86 | . . . 86 Melee . | . . . . Ramming . | . . . . Kinetic 1208 | . 671 205 332 Thermal 282 | . . . 282 Explosive . | . . . . Electromagnetic 369 | . . . 369 Impact . | . . . . Slashing . | . . . . Piercing . | . . . . Highest Corruption 4 | . 1 1 4 Average Corruption 2 | . 1 1 4 Corruption Purged . | . . . . Corruption Blocked . | . . . . Effects 44 | . 9 2 33 Message Errors 10 | . 2 1 7 Matter Fused 8 | . 3 . 5 Heat Flow Errors 11 | . 1 1 9 Energy Discharges 4 | . . . 4 Parts Rejected 1 | . . . 1 Data Loss (minor) 4 | . . . 4 Data Loss (major) 3 | . 2 . 1 Misfires 1 | . 1 . . Alerts 1 | . . . 1 Weapon Failures 1 | . . . 1 Overload Shots . | . . . . Overflow Damage . | . . . . Projectiles . | . . . . Explosions . | . . . . Melee . | . . . . Knockbacks . | . . . . Impact . | . . . . Kinetic . | . . . . Secondary . | . . . . Self-Inflicted Damage 132 | . . . 132 Shots 3 | . . . 3 Rammed . | . . . . Targets Rammed . | . . . . Kicked . | . . . . Crushed . | . . . . Highest Temperature 372 | . 192 205 372 Average Temperature 95 | . 29 53 113 Received Heat Transfer 846 | . 270 144 432 Siege Activations . | . . . . Robots Corrupted . | . . . . Combat Hostiles . | . . . . Parts Fried . | . . . . Impact Corruptions . | . . . . Robots Melted . | . . . . Combat Hostiles . | . . . . Parts Melted 4 | . . . 4 Heat Transferred 807 | . . . 807 Parts Sabotaged . | . . . . Parts Stolen . | . . . . Parts Stripped . | . . . . Power Chain Reactions 3 | . . . 3 Alert | -11 -10 -10 -9 ------- Run | Yrd Mat Min Mat Peak Influence 232 | . 225 45 232 Initial 17 | . . . 17 Average 81 | . 96 14 84 Maximum Alert Level 1 | . 1 . 1 Low Security (%) 95 | 100 93 100 95 Level 1 4 | . 6 . 4 Level 2 . | . . . . Level 3 . | . . . . Level 4 . | . . . . Level 5 . | . . . . High Security . | . . . . Max Security . | . . . . Squads Dispatched 5 | . 3 . 2 Investigation 2 | . 2 . . Extermination . | . . . . Reinforcement 3 | . 1 . 2 Assault . | . . . . Garrison . | . . . . Intercept . | . . . . Searches Triggered . | . . . . Construction Impeded . | . . . . Haulers Reinforced . | . . . . Active Scanning Responses . | . . . . Cargo Convoy Interrupts . | . . . . Stealth | -11 -10 -10 -9 --------- Run | Yrd Mat Min Mat Distress Signals 3 | . 2 . 1 Communications Jammed . | . . . . Distress Signals . | . . . . Times Spotted 67 | . 34 2 31 Peak Tracking Total 7 | . 7 2 6 Tactical Retreats 7 | . 4 . 3 Traps | -11 -10 -10 -9 ------- Run | Yrd Mat Min Mat Traps Triggered 2 | . 2 . . Indirectly . | . . . . Trap Hack Attempts . | . . . . Triggered . | . . . . Disarmed . | . . . . Reprogrammed . | . . . . Reused . | . . . . Traps Extracted . | . . . . Installed . | . . . . Triggered . | . . . . Machines | -11 -10 -10 -9 ---------- Run | Yrd Mat Min Mat Machines Disabled 1 | . . . 1 Max in Single Turn 1 | . . . 1 Machines Repaired . | . . . . Machines Dismantled . | . . . . Machines Sabotaged . | . . . . Overloaded Fab Kills . | . . . . Hacking | -11 -10 -10 -9 --------- Run | Yrd Mat Min Mat Machines Accessed 6 | . 4 . 2 Terminals 6 | . 4 . 2 Fabricators . | . . . . Repair Stations . | . . . . Recycling Units . | . . . . Scanalyzers . | . . . . Garrison Access . | . . . . Total Hacks 19 | . 13 . 6 Successful 10 | . 7 . 3 Failed 9 | . 6 . 3 Catastrophic 3 | . 2 . 1 Database Lockouts . | . . . . Manual 15 | . 12 . 3 Terminals 19 | . 13 . 6 Fabricators . | . . . . Repair Stations . | . . . . Recycling Units . | . . . . Scanalyzers . | . . . . Garrison Access . | . . . . Terminal Hacks 10 | . 7 . 3 Robot Schematic 1 | . 1 . . Robot Analysis 4 | . 4 . . Prototype ID Bank 1 | . . . 1 Branch Access Points 1 | . . . 1 Terminal Index 1 | . . . 1 Alert Level 1 | . 1 . . Unreport Threat 1 | . 1 . . Fabricator Hacks . | . . . . Repair Station Hacks . | . . . . Recycling Unit Hacks . | . . . . Scanalyzer . | . . . . Garrison Access Hacks . | . . . . Unauthorized Hacks . | . . . . Terminals . | . . . . Fabricators . | . . . . Repair Stations . | . . . . Recycling Units . | . . . . Scanalyzers . | . . . . Garrison Access . | . . . . Data Cores Recovered . | . . . . Used . | . . . . Hacking Detections 6 | . 4 . 2 Full Trace Events 1 | . 1 . . Feedback Events . | . . . . Feedback Blocked . | . . . . Robot Schematics Acquired 1 | . 1 . . Robots Built . | . . . . Authchips . | . . . . Time . | . . . . Total Robot Build Rating . | . . . . Part Schematics Acquired . | . . . . Parts Built . | . . . . Authchips . | . . . . Time . | . . . . Total Part Build Rating . | . . . . Parts Repaired . | . . . . Time . | . . . . Parts Recycled . | . . . . Recycled Matter . | . . . . Retrieved Matter . | . . . . Retrieved Components . | . . . . Parts Scanalyzed . | . . . . Part Schematics Acquired . | . . . . Parts Damaged . | . . . . Bothacking | -11 -10 -10 -9 ------------ Run | Yrd Mat Min Mat Used RIF Installer . | . . . . Robots Hacked . | . . . . Non-combat . | . . . . Combat . | . . . . Robot Hacks Applied . | . . . . Relay Couplers Released . | . . . . Fabnet Peak Effective % . | . . . . Robots Rewired . | . . . . Allies Hacked . | . . . . Hacks Repelled . | . . . . Allies | -11 -10 -10 -9 -------- Run | Yrd Mat Min Mat Total Allies . | . . . . Largest Group . | . . . . Highest-Rated Group . | . . . . Highest-Rated Ally . | . . . . Total Orders . | . . . . Ally Attacks . | . . . . Total Damage . | . . . . Kills . | . . . . Allies Corrupted . | . . . . Allies Melted . | . . . . Intel | -11 -10 -10 -9 ------- Run | Yrd Mat Min Mat Robot Analysis Total 4 | . 4 . . Derelict Logs Recovered 1 | . . 1 . Drone Launches . | . . . . Drone Recoveries . | . . . . Exploration | -11 -10 -10 -9 ------------- Run | Yrd Mat Min Mat Turns Passed 3132 | 75 1205 267 1585 Spaces Moved 1712 | 37 723 176 776 Core 27 | 27 . . . Treads 720 | 10 160 . 550 Legs 965 | . 563 176 226 Wheels . | . . . . Hover . | . . . . Flight . | . . . . Fastest Speed 50 | 50 120 120 120 Average Speed 145 | 167 129 120 164 Slowest Speed 200 | 200 190 120 190 Overloaded Moves . | . . . . Propulsion Burnouts . | . . . . Robots Hopped . | . . . . Cave-ins Triggered . | . . . . Exploration Rate (%) 41 | 5 80 31 50 Regions Visited 3 Branch Regions 1 Pre-discovered Areas . | . . . . Known Exits Taken 1 | . . 1 . Unknown Exits Taken 2 | 1 1 . . Scrap Searched 2 | . . 2 . Spaces Dug . | . . . . Terrain Destroyed 9 | . . . 9 Melee . | . . . . Projectile . | . . . . AOE 9 | . . . 9 Terrain Rammed . | . . . . Walls Destroyed . | . . . . Machines Disabled . | . . . . Actions | -11 -10 -10 -9 --------- Run | Yrd Mat Min Mat Total 2164 | 48 898 212 1006 Wait 178 | . 87 11 80 Move 1709 | 36 722 175 776 Hop . | . . . . Pick Up 40 | 6 10 5 19 Fast Attach 14 | 4 2 . 8 Attach 19 | 2 5 3 9 Detach . | . . . . Swap 23 | . 5 1 17 Drop 37 | . 5 4 28 Fire 144 | . 62 13 69 Melee . | . . . . Ram . | . . . . Kick . | . . . . Crush . | . . . . Escape Stasis . | . . . . Rewire . | . . . . Trap . | . . . . Miscellaneous . | . . . . Route ------- -11/Scrapyard -10/Materials (discovered 4 exits: *Mat x2 / [*Min] / [*Sub]) -10/Mines (discovered 2 exits: *Mat x2) -9/Materials (discovered 5 exits: [*Mat] / *Min x2 / Sto x2) History --------- Turn | Location | Event 13 | -11/Scrapyard | Discovered new exit (range 16) 76 | -11/Scrapyard | Entered Materials 187 | -10/Materials | Discovered new exit (range 6) 311 | -10/Materials | Build established: Mutant 496 | -10/Materials | Discovered new exit (range 16) 667 | -10/Materials | Discovered new exit (range 14) 667 | -10/Materials | Discovered new exit (range 16) 762 | -10/Materials | Core integrity fell below 50% 1009 | -10/Materials | Build established: Scavenger-Mutant 1281 | -10/Materials | Entered Mines 1331 | -10/Mines | Received a Rocket Launcher from a helpful Derelict 1416 | -10/Mines | Discovered new exit (range 9) 1455 | -10/Mines | Core integrity fell below 20% 1500 | -10/Mines | Identified exit to Materials 1548 | -10/Mines | Entered Materials 1548 | -9/Materials | Evolved 2 slots: Utility x2 2103 | -9/Materials | Identified exit to Mines 2103 | -9/Materials | Identified exit to Storage 2612 | -9/Materials | Discovered new exit (range 16) 3021 | -9/Materials | Core integrity fell below 50% 3133 | -9/Materials | Self-destructed Last Messages --------------- 03032_ R-06 Scavenger inserts Ion Engine into recycling unit. 03034_ K-01 Serf cleans the Recycling Unit. 03035_ R-06 Scavenger inserts Corrupted Aluminum Leg into recycling unit. 03040_ Hrd. Light Armor Plating severed. 03044_ R-06 Scavenger collects Hrd. Light Armor Plating. 03048_ System corrupted: Substantial component data lost. 03048_ Imp. Treads destroyed. 03075_ Critical hit (Burn: +37). 03081_ Lgt. Treads destroyed. 03085_ System corrupted: Heat flow error (+295). 03089_ Lgt. Treads severed. 03128_ Acquired Prototype Energy Gun. 03128_ Identified Imp. Medium Laser. 03128_ Imp. Aluminum Leg broken. 03128_ Faulty integration triggers power surge. 03129_ Dropped Faulty Imp. Medium Laser. Map ----- +----------------------------------------------------+ | | | | | | | | | | | | | | | | | | | | | | | | | | | | | | | | | | | | | | | ?????????????????????????????????????????????????? | | ?????????????????????????????????????????????????? | | ????????????????????#######??????????????????????? | | ????????????????????# #??????????????????????? | | ????????????????????# #??????????????????????? | | ????????????????##### // #??????????????????????? | | ????????????????# + //@#??????????????????????? | | ?????????#####??# # / l#??????????????????????? | | ?????????# ""??+ g/g [#??????????????????????? | | ?????????# "T"?# # #??????????????????????? | | ?????????# ?# #######??????????????????????? | | ?????????# # #????????????????????????????? | | ?????????# # #????????????????????????????? | | ?????????# = + #????????????????????????????? | | ???############## #??????????????????????????### | | ???# """ ####### #?????????????????????????## " | | ???# """ ## #?????????????????????????## " | | ???# """ + #?????????????????????????## " | | ???# ## #?????????????????????????## " | | ???# ## ######?? #????????????????????## " | | ???# = ## ##????? ##???????????????????## | | ########+## ##### #???????????????????## | | #???????????????????## | | T ???>??????????????#### | | = #???????????????????#### | | ########### ##### #??????????????????????# | | ############ ##????????????????????????????????# | | ! # #?????????????????????????????????# | | / #?????????????????????????????????# | | a # #????????????????????? ##?????????# | | # #????????????????????? ######?????# | +----------------------------------------------------+ Best States ------------- Heat Dissipation 38 Energy Generation 14 Energy Capacity 280 Matter Stores 300 Matter Capacity 300 Sight Range 16 Terrain Scan Density 10 Armor Coverage 150 Core Shielding 20 Evasion (%) 55 Recoil Reduction 2 Offensive Hacking 10 Item Schematics ----------------- None Robot Schematics ------------------ W-16 Scout | -10/Materials | Hacked Fabricated ------------ Nothing Alien Tech Used ----------------- None Achievements -------------- None Challenges ------------ None Game ------ Seed FortressThrowingChainsaw Manual? 0 Play Time 00:36:35 Cumulative 33.0 hours Start 2024.11.24 @ 13:54:02 End 2024.11.24 @ 14:29:50 Sessions 1 Manual Loads 0 Difficulty Rogue Special Mode None Game No. 47 Rogue 47 Adventurer 0 Explorer 0 Win Type - Total 0 Types 0/0/0/0/0/0/0/0/0 Lore% 9 Gallery% 21 Achievement% 23 Wizard Run 0 Options --------- Layout 1 ASCII 0 Keyboard 0 Movement Mouse Keybinds 0 Fullscreen 2 Font 16/SmallcapsGlow Map View 27x19 Zoom Use 71% Tactical HUD 1 Map Filters NONE Filters NONE Steam 1 RUN: 1487e2c6-8f88-4c6e-8fc9-a298802af370